 Dungeon Crawl Stone Soup version 0.21-a0-630-g344d351 (webtiles) character file.

1538 Alarkh the Digger (level 8, -6/81 HPs)
             Began as a Demonspawn Earth Elementalist on Dec 26, 2017.
             Was a Follower of Okawaru.
             Mangled by Prince Ribbit (9 damage)
             ... on level 5 of the Dungeon.
             The game lasted 00:11:12 (7265 turns).

Alarkh the Digger (Demonspawn Earth Elementalist)   Turns: 7265, Time: 00:11:13

Health: -6/81      AC:  4    Str: 10 (13) XL:     8   Next: 56%
Magic:  9/16       EV: 18    Int: 15 (18) God:    Okawaru [*.....]
Gold:   296        SH:  0    Dex: 21 (23) Spells: 12/18 levels left

rFire    + . .     SeeInvis .   a - +1 short sword (venom)
rCold    . . .     Gourm    .   (no shield)
rNeg     . . .     Faith    .   c - +0 robe
rPois    +         Spirit   .   (no helmet)
rElec    .         Reflect  .   (no cloak)
rCorr    .         Harm     .   (no gloves)
MR       .....                  (no boots)
Stlth    ..........             (no amulet)
HPRegen  0.23/turn              p - +3 ring of dexterity
MPRegen  0.15/turn              i - ring of poison resistance

@: agile, berserking, very quick
A: claws 1, rugged brown scales 2, fire resistance 1, powered by pain 1
a: Heroism, Renounce Religion


You were on level 5 of the Dungeon.
You worshipped Okawaru.
Okawaru was aware of your devotion.
You were not hungry.

You visited 2 branches of the dungeon, and saw 6 of its levels.

You collected 296 gold pieces.

Inventory:

Hand Weapons
 a - a +1 short sword of venom (weapon)
Armour
 c - a +0 robe (worn)
Jewellery
 f - a +2 ring of dexterity
 i - a ring of poison resistance (right claw)
 p - a +3 ring of dexterity (left claw)
Wands
 n - a wand of polymorph (9)
Scrolls
 b - a scroll of fear {unknown}
 e - a scroll of identify
 j - 4 scrolls of enchant armour {unknown}
 k - 2 scrolls of amnesia
 s - a scroll of magic mapping {unknown}
 v - a scroll of teleportation {unknown}
 y - a scroll of random uselessness {unknown}
Potions
 h - 4 potions of flight
 l - a potion of ambrosia
 m - 2 potions of degeneration
 o - a potion of brilliance {unknown}
 q - a potion of berserk rage
 t - a potion of heal wounds {unknown}
 u - a potion of haste {unknown}
 x - a potion of mutation {unknown}
Books
 g - a book of Geomancy

   Spells                             Type                      Level
   a - Sandblast                      Earth                        1
   b - Passwall                       Transmutation/Earth          2
   c - Stone Arrow                    Conjuration/Earth            3
   d - Petrify                        Transmutation/Earth          4
   e - Lee's Rapid Deconstruction     Earth                        5
 r - a book of Changes

   Spells                             Type                      Level
   a - Beastly Appendage              Transmutation                1
   b - Sticks to Snakes               Transmutation                2
   c - Spider Form                    Transmutation/Poison         3
   d - Ice Form                       Ice/Transmutation            4
   e - Blade Hands                    Transmutation                5
 z - a book of Misfortune

   Spells                             Type                      Level
   a - Confusing Touch                Hexes                        1
   b - Confuse                        Hexes                        3
   c - Gell's Gravitas                Translocation                3
   d - Petrify                        Transmutation/Earth          4
   e - Metabolic Englaciation         Hexes/Ice                    5
   f - Yara's Violent Unravelling     Hexes/Transmutation          5
Comestibles
 d - 5 rations
 w - a chunk of flesh


   Skills:
 - Level 1.7 Dodging
 - Level 1.7 Stealth
 + Level 3.0 Unarmed Combat
 + Level 5.8 Spellcasting
 + Level 5.2 Conjurations
 - Level 0.8 Transmutations
 + Level 6.1 Earth Magic


You had 12 spell levels left.
You knew the following spells:

 Your Spells              Type           Power        Failure   Level  Hunger
a - Stone Arrow           Conj/Erth      ###...       4%          3    ###....
b - Passwall              Tmut/Erth      ##........   5%          2    #......
c - Sandblast             Erth           ###...       1%          1    None


Dungeon Overview and Level Annotations

Branches:
Dungeon (5/15)             Temple (1/1) D:4

Altars:
Dithmenos
Elyvilon
Fedhas
Hepliaklqana
Kikubaaqudgha
Makhleb
Nemelex Xobeh
Okawaru
Qazlal
Ru
Sif Muna
Trog
Uskayaw
Vehumet
Wu Jian
Xom
Zin
The Shining One

Annotations:
D:5 Charly's ghost, amateur GrFi; Prince Ribbit


Innate Abilities, Weirdness & Mutations

You have sharp fingernails.
You are mostly covered in rugged brown scales. (AC +2, +5% HP)
Your flesh is heat resistant. (rF+)
You sometimes gain a little power by taking damage.


Message History

You focus on the pain.
You feel your power returning. Prince Ribbit hits you!
* * * LOW HITPOINT WARNING * * *
You focus on the pain.
You feel more agile all of a sudden.
It was a potion of degeneration.
There was something very wrong with that liquid.
You feel weakened.
You feel dopey.
You feel clumsy. Prince Ribbit hits you.
* * * LOW HITPOINT WARNING * * *
It was a potion of berserk rage.
A red film seems to cover your vision as you go berserk!
You feel yourself moving faster!
You feel mighty! Prince Ribbit completely misses you.
Prince Ribbit barely misses you.
You puncture Prince Ribbit!
Prince Ribbit is lightly wounded.
Prince Ribbit completely misses you.
You closely miss Prince Ribbit.
Prince Ribbit is lightly wounded.
Prince Ribbit hits you!
You die...

# #...# ###. ##...# ...#
##....# #..## ##.(...#
###..####......####.
###..................#
##....†.).(.....######.#
...........####.#
###..@..## #.# #...F..#
#.## #.......# #..#
........#.# ##.# #
......###.# #.# #.
####.. #.. ###.#####..
#.# .... #.......... #.
##....####...## #.....#
#...#


You could see Prince Ribbit.

Vanquished Creatures
  Grinder (D:3)
  Sigmund (D:2)
  An ice beast (D:4)
  2 ogres (D:4)
  A phantom (D:4)
  A centaur (D:5)
  A scorpion (D:4)
  A bullfrog zombie (D:5)
  A crimson imp (D:5)
  2 orc priests (D:4)
  A hound (D:4)
  A centaur skeleton (D:4)
  3 orc wizards (D:4)
  Jessica (D:3)
  4 worker ants (D:4)
  A hound zombie (D:4)
  Robin (D:3)
  9 gnolls
  5 adders
  An ooze (D:1)
  3 worms
  4 dart slugs
  5 leopard geckos
  7 orcs (D:4)
  7 bats
  2 giant cockroaches (D:3)
  17 goblins
  12 hobgoblins
  12 jackals
  10 kobolds
  2 quokkas (D:2)
  A ball python skeleton (D:4)
  4 frilled lizards
  A jackal skeleton (D:4)
  A quokka skeleton (D:4)
  5 rats
132 creatures vanquished.

Notes
Turn   | Place    | Note
-------+----------+-------------------------------------------
     0 | D:1      | Alarkh the Demonspawn Earth Elementalist began the quest for the Orb.
     0 | D:1      | Reached XP level 1. HP: 13/13 MP: 3/3
   188 | D:2      | Reached skill level 3 in Earth Magic
   188 | D:2      | Gained mutation: You are partially covered in rugged brown scales. (AC +1, +3% HP) [demonic ancestry]
   188 | D:2      | Reached XP level 2. HP: 6/19 MP: 0/5
   486 | D:2      | Noticed Sigmund
   919 | D:1      | Gained mutation: You sometimes gain a little power by taking damage. [demonic ancestry]
   919 | D:1      | Reached XP level 3. HP: 24/24 MP: 2/7
  1286 | D:1      | Learned a level 2 spell: Passwall
  1290 | D:1      | Learned a level 3 spell: Stone Arrow
  2494 | D:2      | Reached XP level 4. HP: 23/30 MP: 8/8
  2710 | D:3      | Reached skill level 1 in Conjurations
  2802 | D:2      | Killed Sigmund
  2802 | D:2      | Reached skill level 4 in Earth Magic
  2802 | D:2      | Gained mutation: You have sharp fingernails. [demonic ancestry]
  2802 | D:2      | Reached XP level 5. HP: 23/36 MP: 4/10
  2802 | D:2      | Gained mutation: You are mostly covered in rugged brown scales. (AC +2, +5% HP) [demonic ancestry]
  2802 | D:2      | Reached XP level 6. HP: 23/43 MP: 4/11
  3192 | D:2      | Found a bloodstained altar of Trog.
  3472 | D:3      | Noticed Jessica
  3476 | D:3      | Killed Jessica
  3498 | D:3      | Found a white marble altar of Elyvilon.
  3581 | D:3      | Noticed Robin
  3752 | D:3      | Found a sparkling altar of Nemelex Xobeh.
  3759 | D:3      | Killed Robin
  4069 | D:3      | Found a blossoming altar of Fedhas.
  4364 | D:3      | Noticed Grinder
  4374 | D:3      | Paralysed by Grinder for 6 turns
  4387 | D:3      | Killed Grinder
  4387 | D:3      | Reached skill level 5 in Earth Magic
  4387 | D:3      | Gained mutation: Your flesh is heat resistant. (rF+) [demonic ancestry]
  4387 | D:3      | Reached XP level 7. HP: 38/48 MP: 5/14
  4494 | D:3      | Found a deep blue altar of Sif Muna.
  4494 | D:3      | Found a hide-covered altar of Uskayaw.
  4549 | D:3      | Found an iron altar of Okawaru.
  4570 | D:3      | Became a worshipper of Warmaster Okawaru
  5073 | D:4      | Reached skill level 5 in Spellcasting
  5390 | D:4      | Reached skill level 1 in Unarmed Combat
  5550 | D:4      | Reached * piety under Okawaru
  5551 | D:4      | Reached XP level 8. HP: 39/54 MP: 15/15
  5995 | D:4      | Found a burning altar of Makhleb.
  6261 | D:4      | Found a radiant altar of Vehumet.
  6406 | D:4      | Reached skill level 5 in Conjurations
  6489 | D:4      | Found a staircase to the Ecumenical Temple.
  6498 | Temple   | Entered the Ecumenical Temple
  6672 | D:5      | Entered Level 5 of the Dungeon
  6674 | D:5      | Noticed Charly's ghost (amateur GrFi)
  6797 | D:4      | Reached skill level 6 in Earth Magic
  7245 | D:5      | Noticed Prince Ribbit
  7261 | D:5      | HP: 2/54 [Prince Ribbit (13)]
  7265 | D:5      | Mangled by Prince Ribbit

Vault maps used:
D:1:      saegor_arrival_simple_b
D:2:      marbit_many_paths, uniq_sigmund
D:3:      lemuel_round_altar, lemuel_doored_altar, old_standard_altar,
          okawaru_metal_pillars_1_2, amethyst_overflow_temple_binary,
          first_ration, uniq_robin, uniq_jessica, uniq_grinder
D:4:      makhleb_heckhound_becter, lemuel_crystal_altar, temple_hall
D:5:      kennysheep_nondescript, uniq_prince_ribbit1, uniq_pikel
Temple:   nicolae_temple_figure_zero

Skill      XL: |  1  2  3  4  5  6  7  8 |
---------------+-------------------------+-----
Earth Magic    | 3 4 5 6 |  6.1
Spellcasting   | 3 4 5 |  5.8
Conjurations   | 2 3 4 5 |  5.2
Unarmed Combat | 1 3 |  3.0
Dodging        | |  1.7
Stealth        | |  1.7
Transmutations | |  0.8

Action                   |  1- 3 |  4- 6 |  7- 9 || total
-------------------------+-------+-------+-------++-------
Melee: Unarmed           |     2 |     3 |       ||     5
       Short sword       |    58 |    62 |    69 ||   189
       Punch             |       |       |     1 ||     1
 Cast: Sandblast         |    46 |    57 |    59 ||   162
       Stone Arrow       |       |       |    33 ||    33
  Use: Potion            |     1 |       |     2 ||     3
       Scroll            |     1 |     1 |       ||     2
 Stab: Sleeping          |     2 |     2 |     1 ||     5
  Eat: Chunk             |     5 |     6 |     7 ||    18
       Ration            |       |       |     1 ||     1
Armor: Robe              |    20 |    14 |    21 ||    55
       Skin              |       |     1 |       ||     1
Dodge: Dodged            |    47 |    60 |    78 ||   185

Table legend:
 A = Spawn XP
 B = Non-spawn XP
 C = Spawn XP percentage of total XP
 D = Spawn monster count
 E = Non-spawn monster count
 F = Spawn count percentage of total count
 G = Total turns spent on level
                    A         B        C        D         E        F      G
               +---------+---------+-------+---------+---------+-------+---------
         Total |       0 |    2198 |   0.0 |       0 |     132 |   0.0 |  7265
               +---------+---------+-------+---------+---------+-------+---------
           D:1 |       0 |      57 |   0.0 |       0 |      27 |   0.0 |  1491
           D:2 |       0 |     312 |   0.0 |       0 |      24 |   0.0 |  2063
           D:3 |       0 |     501 |   0.0 |       0 |      38 |   0.0 |  1742
           D:4 |       0 |    1092 |   0.0 |       0 |      34 |   0.0 |  1479
           D:5 |       0 |     236 |   0.0 |       0 |       9 |   0.0 |   372
               +---------+---------+-------+---------+---------+-------+---------
